 Dungeon Crawl Stone Soup version 0.31-a0-233-g139696dc86 (webtiles) character file.

Game seed: 3092339504277868279

70 qw the Shooter (level 4, -8/36 HPs)
             Began as a Minotaur Hexslinger on July 7, 2023.
             Mangled by Edmund
             ... wielding a +2 dire flail of holy wrath
              (15 damage)
             ... on level 4 of the Dungeon.
             The game lasted 00:00:43 (2200 turns).

qw the Shooter (Minotaur Hexslinger)                Turns: 2200, Time: 00:00:44

Health: -8/36      AC:  5    Str: 12    XL:     4   Next: 3%
Magic:  4/4        EV: 11    Int: 10    God:
Gold:   250        SH:  5    Dex: 15    Spells: 4/5 levels left

rFire   . . .        Y - +2 sling
rCold   . . .        (no shield)
rNeg    . . .        f - +0 ring mail
rPois   .            (helmet restricted)
rElec   .            (no cloak)
rCorr   .            (no gloves)
SInv    .            (no boots)
Will    .....        l - amulet of reflection
Stlth   +            (no ring)
HPRegen 0.26/turn    (no ring)
MPRegen 0.09/turn

%: reflection
@: no status effects
A: horns 2, retaliatory headbutt
a: no special abilities


You were on level 4 of the Dungeon.
You visited 1 branch of the dungeon, and saw 4 of its levels.

You collected 250 gold pieces.


Innate Abilities, Weirdness & Mutations

You have a pair of horns on your head.
You reflexively headbutt those who attack you in melee.


   Skills:
 - Level 2.0 Fighting
 + Level 4.3 Ranged Weapons
 - Level 1.0 Armour
 - Level 2.1 Dodging
 - Level 1.0 Spellcasting
 - Level 2.0 Hexes


You had 4 spell levels left.
You knew the following spells:

 Your Spells              Type           Power      Damage    Failure   Level
a - Slow                  Hex            16%        N/A       34%         1

Your spell library contained the following spells:

 Spells                   Type           Power      Damage    Failure   Level
 Inner Flame              Hex/Fire       2%         N/A       83%         3
 Portal Projectile        Hex/Tloc       4%         N/A       83%         3
 Cause Fear               Hex            2%         N/A       98%         4

Inventory:

Hand Weapons
 Y - a +2 sling (weapon)
Armour
 f - a +0 ring mail (worn)
Jewellery
 l - an amulet of reflection (around neck)
Scrolls
 i - a scroll of identify
Potions
 c - a potion of cancellation
 h - a potion of magic {unknown}
 j - a potion of curing {unknown}
 k - a potion of attraction {unknown}
 m - a potion of invisibility {unknown}

Dungeon Overview and Level Annotations

Branches:
Dungeon (4/15)
 Temple: D:4-7

Altars:

Annotations:
D:4 Edmund


Message History

You shoot a sling bullet. The sling bullet barely misses Edmund.
Edmund closely misses you.
You shoot a sling bullet. The sling bullet hits Edmund.
Edmund is lightly wounded.
Edmund misses you.
You shoot a sling bullet. The sling bullet barely misses Edmund.
You block Edmund's attack. x2
You shoot a sling bullet.
The sling bullet completely misses Edmund.
Edmund closely misses you.
You shoot a sling bullet.
The sling bullet completely misses Edmund.
Edmund hits you with a +2 dire flail of holy wrath!
You shoot a sling bullet. The sling bullet closely misses Edmund.
Edmund closely misses you.
Edmund hits you with a +2 dire flail of holy wrath!
You shoot a sling bullet. The sling bullet closely misses Edmund.
Edmund hits you but does no damage.
You shoot a sling bullet. The sling bullet hits Edmund.
Edmund is lightly wounded.
Edmund barely misses you. You furiously retaliate!
You headbutt Edmund. You shoot a sling bullet. The sling bullet hits Edmund.
Edmund is moderately wounded.
Edmund hits you with a +2 dire flail of holy wrath!
Edmund hits you with a +2 dire flail of holy wrath.
2196 ||| DRINKING potion of heal wounds.
You feel much better. Edmund closely misses you. You furiously retaliate!
You headbutt Edmund. You shoot a sling bullet. The sling bullet hits Edmund.
Edmund is moderately wounded.
Edmund hits you with a +2 dire flail of holy wrath!
You shoot a sling bullet. The sling bullet closely misses Edmund.
You block Edmund's attack.
You shoot a sling bullet. The sling bullet barely misses Edmund.
Edmund hits you with a +2 dire flail of holy wrath.
Edmund says, "You wouldn't believe how much I paid for this flail."
You block Edmund's attack.
You shoot a sling bullet. The sling bullet closely misses Edmund.
Edmund hits you with a +2 dire flail of holy wrath!
You die...

## ## . .# .#.
... #.# #.#
#######.######.
##......@@...)..
##...############
####.#.#.#####
#.....<......#
#)##.#.#.###.#
##.>.## ##.## #.#
..#


You could see Edmund.

Vanquished Creatures
  An adder (D:3)
  2 worms
  4 dart slugs
  3 bats (D:1)
  2 endoplasms
  A giant cockroach (D:2)
  8 goblins
  3 hobgoblins
  2 jackals (D:3)
  4 quokkas
  4 ball pythons
  A frilled lizard (D:1)
  6 kobolds
  4 rats
45 creatures vanquished.

Notes
Turn   | Place    | Note
-------+----------+-------------------------------------------
     0 | D:1      | qw the Minotaur Hexslinger began the quest for the Orb.
     0 | D:1      | Reached XP level 1. HP: 16/16 MP: 1/1
     0 | D:1      | 0 ||| qw: Version: 0.3-a-46-gb1f654a
     0 | D:1      | 0 ||| qw: Game counter: 3257
     0 | D:1      | 0 ||| qw: Melee chars always use a shield: true
     0 | D:1      | 0 ||| qw: God list: Okawaru
     0 | D:1      | 0 ||| qw: Allow faded altars: false
     0 | D:1      | 0 ||| qw: Do Orc after clearing Dungeon:15 true
     0 | D:1      | 0 ||| qw: Do second Lair branch before Depths: true
     0 | D:1      | 0 ||| qw: Lair rune preference: random
     0 | D:1      | 0 ||| qw: Goals: Normal
     0 | D:1      | 0 ||| PLANNING D:1-11
    44 | D:1      | 44 ||| FLEEEEING.
    71 | D:1      | Reached skill level 3 in Ranged Weapons
    71 | D:1      | Reached XP level 2. HP: 23/23 MP: 2/2
   584 | D:1      | 584 ||| UPGRADING to +0 ring mail.
   594 | D:1      | 594 ||| DROPPING +0 robe.
   595 | D:1      | 595 ||| READING scroll labelled HOMOSHROSTRO.
   596 | D:1      | 596 ||| READING scroll labelled VIPLA DACWAKHLY.
   597 | D:1      | 597 ||| READING scroll labelled VUEWKU UDAEH.
   598 | D:1      | 598 ||| DRINKING 2 orange potions.
   599 | D:1      | 599 ||| DROPPING scroll of poison.
   600 | D:1      | 600 ||| DROPPING potion of brilliance.
   682 | D:2      | Reached XP level 3. HP: 23/29 MP: 3/3
  1508 | D:2      | 1508 ||| READING 2 scrolls labelled FACZAIR JYAKK.
  1509 | D:2      | 1509 ||| READING scroll labelled VOLOOZID ASAOLOI.
  1510 | D:2      | 1510 ||| READING scroll labelled VIHOME XYO.
  1511 | D:2      | 1511 ||| DROPPING scroll of amnesia.
  1630 | D:3      | Identified the +0 helmet "Aheivel" {rElec}
  1656 | D:3      | Reached skill level 4 in Ranged Weapons
  1763 | D:3      | Reached skill level 1 in Armour
  2150 | D:3      | 2150 ||| UPGRADING to amulet of reflection.
  2155 | D:3      | 2155 ||| READING scroll labelled KECIPEISOX.
  2160 | D:3      | 2160 ||| READING scroll labelled KALARRAUME.
  2161 | D:3      | 2161 ||| READING scroll labelled UWAFEW ATOOZ.
  2162 | D:3      | 2162 ||| DRINKING 2 fizzy golden potions.
  2163 | D:3      | 2163 ||| READING 3 scrolls of identify.
  2163 | D:3      | 2163 ||| IDENTIFYING ruby potion
  2164 | D:3      | 2164 ||| READING 2 scrolls of identify.
  2164 | D:3      | 2164 ||| IDENTIFYING bubbling amethyst potion
  2165 | D:3      | 2165 ||| DROPPING potion of lignification.
  2174 | D:4      | Reached XP level 4. HP: 36/36 MP: 4/4
  2181 | D:4      | Noticed Edmund
  2195 | D:4      | HP: 8/36 [Edmund/+2 dire flail of holy wrath (14)]
  2196 | D:4      | 2196 ||| DRINKING potion of heal wounds.
  2200 | D:4      | Mangled by Edmund

Levels and vault maps discovered:
D:1:      dpeg_arrival_lava_temple_mockup, layout_basic
D:2:      layout_basic
D:3:      layout_loops_ring, st_stairs_5
D:4:      layout_loops_ring, lemuel_doored_altar, nicolae_shop_firing_range,
          uniq_edmund, uniq_duvessa

Skill      XL: |  1  2  3 |
---------------+----------+-----
Ranged Weapons | 3 4 |  4.3
Fighting       | 2 |  2.0
Armour         | 1 |  1.0
Dodging        | |  2.1
Spellcasting   | |  1.0
Hexes          | |  2.0

Action                     |  1- 3 |  4- 6 || total
---------------------------+-------+-------++-------
   Fire: Sling             |   119 |    19 ||   138
    Use: Scroll            |    11 |       ||    11
         Potion            |     2 |     1 ||     3
 Armour: Robe              |     5 |       ||     5
         Ring mail         |     3 |     1 ||     4
  Dodge: Dodged            |    28 |     7 ||    35
  Block: Other             |       |     4 ||     4

Table legend:
 A = Non-vault XP
 B = Vault XP
 C = Vault XP percentage of total XP
 D = Non-vault monster count
 E = Vault monster count
 F = Vault count percentage of total count
                 A         B        C        D         E       F
            +---------+---------+-------+---------+---------+-------
      Total |      93 |       7 |   7.0 |      42 |       3 |   6.7
            +---------+---------+-------+---------+---------+-------
        D:1 |      39 |       0 |   0.0 |      23 |       0 |   0.0
        D:2 |      14 |       0 |   0.0 |       6 |       0 |   0.0
        D:3 |      36 |       7 |  16.3 |      11 |       3 |  21.4
        D:4 |       4 |       0 |   0.0 |       2 |       0 |   0.0
            +---------+---------+-------+---------+---------+-------
